[Event "Early-Titled-Tuesday-Blitz-October-10-2023"]
[Site "Chess.com"]
[Date "2023.10.10"]
[Round "6"]
[White "Korchmar_Vasiliy"]
[Black "Zhigalko_Sergei"]
[Result "1-0"]
[WhiteElo "2742"]
[BlackElo "2925"]
[TimeControl "180+1"]
[EndTime "9:03:11 PDT"]
[Termination "Korchmar_Vasiliy won by resignation"]

1. e4 c5 2. d4 cxd4 3. Qxd4 Nc6 4. Qd3 g6 5. Nc3 Bg7 6. Nf3 d6 7. Be2 Nf6 8. O-O O-O 9. Nd5 Nd7 10. c3 b6 11. Bg5 h6 12. Bh4 Bb7 13. Rad1 g5 14.
Bg3 Nce5 15. Nxe5 Nxe5 16. Qe3 e6 17. Nb4 Qe7 18. f4 gxf4 19. Bxf4 Kh7 20. Nd3 Nc4 21. Qh3 Rac8 22. Nf2 Ne5 23. Ng4 Nxg4 24. Bxd6 Qg5 25.
Bxg4 Rfd8 26. Rxf7 Rxd6 27. Rxd6 Qc5+ 28. Rd4 Bxe4 29.
Bxe6 Rf8 30. Rxg7+ Kxg7 31. Qg4+ Kh8 32. Qxe4 Qg5 33. Rd1 Qf6 34. Qd4 1-0

[Event "Early-Titled-Tuesday-Blitz-October-10-2023"]
[Site "Chess.com"]
[Date "2023.10.10"]
[Round "6"]
[White "DanyKopy"]
[Black "secretsuperstar7"]
[Result "0-1"]
[WhiteElo "2562"]
[BlackElo "2427"]
[TimeControl "180+1"]
[EndTime "9:03:11 PDT"]
[Termination "secretsuperstar7 won on time"]

1. d4 Nf6 2. Nf3 d5 3. c4 e6 4. Nc3 a6 5. cxd5 exd5 6. Bg5 Be7 7. e3 O-O 8. Bd3 c6 9. O-O Bg4 10. a3 Nbd7 11. b4 Ne4 12. Bxe7 Qxe7 13. Rc1 f5 14. Ne2 Bxf3 15. gxf3 Ng5 16. Nf4 Ne6 17. Nxe6 Qxe6 18. f4 Rf6 19. Kh1 Rh6 20. Rg1 Kh8 21. Rg5 g6 22. Qc2 Nf6 23. Rcg1 Ng4 24. Rg2 a5 25. b5 cxb5 26. Bxb5 Rc8 27. Qd1 Qe4 28. f3 Qxe3 29.
Re2 Rc1 0-1

[Event "Early-Titled-Tuesday-Blitz-October-10-2023"]
[Site "Chess.com"]
[Date "2023.10.10"]
[Round "6"]
[White "stratacticos"]
[Black "Xqswdc"]
[Result "0-1"]
[WhiteElo "1791"]
[BlackElo "2330"]
[TimeControl "180+1"]
[EndTime "9:03:20 PDT"]
[Termination "Xqswdc won on time"]

1. b4 e5 2. Bb2 e4 3. b5 Nf6 4. c4 Bc5 5. e3 d5 6. Nc3 dxc4 7.
Bxc4 O-O 8. h3 Nbd7 9. Na4 Bd6 10. Ne2 Ne5 11. Rc1 Bf5 12. Bxe5 Bxe5 13. O-O Qd7 14. Nf4 Bxf4 15. exf4 Rfe8 16. Rc3 b6 17. d4 Qd6 18. Qd2 Rac8 19. Be2 e3 20. fxe3 Ne4 21. Qe1 Nxc3 22.
Qxc3 Be4 23. Bf3 Bxf3 24. Rxf3 Qd5 25. Qb2 Qc4 26. Nc3 Rcd8 27. Kh2 h6 28. a4 Qd3 29. f5 Rxe3 30. Rxe3 Qxe3 31. d5 Qf4+ 32. Kg1 Qxf5 33. Qd2 Re8 34. d6 Qc5+ 35. Kh1 cxd6 36. Nd5 Re5 0-1

[Event "Early-Titled-Tuesday-Blitz-October-10-2023"]
[Site "Chess.com"]
[Date "2023.10.10"]
[Round "6"]
[White "AvitalBor"]
[Black "Wizard_97"]
[Result "1-0"]
[WhiteElo "2822"]
[BlackElo "2578"]
[TimeControl "180+1"]
[EndTime "9:03:23 PDT"]
[Termination "AvitalBor won by checkmate"]

1. e4 c5 2. c3 Nf6 3. e5 Nd5 4. d4 cxd4 5. cxd4 Nc6 6. Nf3 d6 7. Bc4 Nb6 8. Bb5 dxe5 9. Nxe5 Bd7 10. Nxd7 Qxd7 11. Nc3 e6 12. O-O Be7 13. Qg4 O-O 14. Bxc6 Qxc6 15. Bh6 Bf6 16. Rfd1 Kh8 17. Ne4 Rg8 18.
Rac1 Qd5 19. Bg5 Nd7 20. Qh4 Qf5 21. Rc7 Rad8 22. h3 b6 23. Rxa7 Qg6 24. Rc1 h6 25.
Nxf6 Nxf6 26. Be3 Nd5 27. Qg4 Qf6 28. Qh5 Ra8 29. Rxf7 Qd8 30. Bxh6 g6 31. Bg7# 1-0

[Event "Early-Titled-Tuesday-Blitz-October-10-2023"]
[Site "Chess.com"]
[Date "2023.10.10"]
[Round "6"]
[White "wqws"]
[Black "Riku-gan"]
[Result "0-1"]
[WhiteElo "2663"]
[BlackElo "2841"]
[TimeControl "180+1"]
[EndTime "9:03:23 PDT"]
[Termination "Riku-gan won by resignation"]

1. e4 c5 2. Nf3 Nc6 3. d4 cxd4 4. Nxd4 Nf6 5. Nc3 g6 6. Nxc6 bxc6 7. e5 Nd5 8. Nxd5 cxd5 9. Qxd5 Rb8 10. e6 Bg7 11.
exf7+ Kf8 12. c3 Bb7 13. Qd1 Qc7 14. Be3 Bc6 15. Qd2 Kxf7 16. O-O-O d5 17. g4 e5 18. f4 d4 19. Bc4+ Ke8 20. Rhe1 dxe3 21. Qxe3 Rf8 22. fxe5 Rf3 23. Qd4 Qb6 24. Bb3 Qxd4 25.
cxd4 Rc8 26. Kb1 Bd7 27. e6 Bb5 28. d5 Rf2 0-1

[Event "Early-Titled-Tuesday-Blitz-October-10-2023"]
[Site "Chess.com"]
[Date "2023.10.10"]
[Round "6"]
[White "HanSchut"]
[Black "Sunny_Star"]
[Result "1-0"]
[WhiteElo "2353"]
[BlackElo "2097"]
[TimeControl "180+1"]
[EndTime "9:03:25 PDT"]
[Termination "HanSchut won on time"]

1. e4 c5 2. Nf3 Nc6 3. d4 cxd4 4. Nxd4 Nf6 5. Nc3 e5 6. Ndb5 d6 7. Nd5 Nxd5 8. exd5 Nb8 9. Qd3 Be7 10. Qc3 Na6 11.
Be3 Bd7 12. Nxa7 O-O 13. Bxa6 bxa6 14. O-O f5 15. f3 f4 16. Bf2 Bh4 17. Nc6 Bxf2+ 18.
Rxf2 Qb6 19. Rd1 Kh8 20. b3 Rfc8 21. g3 Bxc6 22. dxc6 Rxc6 23. Qd2 fxg3 24. hxg3 Rf8 25. Kg2 Qc5 26. c4 a5 27. Qd5 Qb6 28. Rfd2 Qa6 29. Qb5 Qxb5 30. cxb5 Rb6 31. a4 Rd8 32. Rd5 Rc8 33.
Rxd6 1-0

[Event "Early-Titled-Tuesday-Blitz-October-10-2023"]
[Site "Chess.com"]
[Date "2023.10.10"]
[Round "6"]
[White "esrosenberg"]
[Black "DefiantChair"]
[Result "0-1"]
[WhiteElo "2384"]
[BlackElo "2614"]
[TimeControl "180+1"]
[EndTime "9:03:28 PDT"]
[Termination "DefiantChair won by resignation"]

1. d4 Nf6 2. Nf3 d5 3. g3 e6 4.
Bg2 b5 5. a4 b4 6. c4 bxc3 7.
Nxc3 c6 8. O-O a5 9. e4 Be7 10. e5 Nfd7 11. Ne1 Na6 12. Nd3 Nb4 13. f4 Nxd3 14. Qxd3 Ba6 15. Qc2 Bxf1 16. Bxf1 Qb6 17.
Be3 O-O 18. f5 Nxe5 19. fxe6 fxe6 20. Bh3 Nc4 21. Bxe6+ Kh8 22. Bf2 Rxf2 23. Qxf2 Rf8 24. Qe2 Qxd4+ 25. Kh1 Rf2 26. Qe1 Qf6 27. Bg4 Ne5 28. Be2 Bb4 29. Rc1 d4 30. Ne4 Bxe1 31.
Nxf6 Rxe2 32. Ne8 0-1

[Event "Early-Titled-Tuesday-Blitz-October-10-2023"]
[Site "Chess.com"]
[Date "2023.10.10"]
[Round "6"]
[White "pirulillo"]
[Black "zverr1"]
[Result "0-1"]
[WhiteElo "2342"]
[BlackElo "2502"]
[TimeControl "180+1"]
[EndTime "9:03:30 PDT"]
[Termination "zverr1 won by resignation"]

1. e4 c5 2. Nf3 d6 3. d4 cxd4 4.
Nxd4 Nf6 5. Nc3 a6 6. Be2 e5 7. Nb3 Be7 8. Be3 O-O 9. g4 Be6 10. g5 Nfd7 11. Qd2 Nc6 12. h4 a5 13. h5 a4 14. Nc1 a3 15. b3 g6 16. Nd5 Nd4 17. c3 Bxd5 18. exd5 Nf5 19. Rg1 e4 20.
hxg6 fxg6 21. Bg4 Ne5 22. Bf4 Nxg4 23. Rxg4 Qd7 24. Rg1 Nh4 25. Rg3 Nf3+ 26. Rxf3 exf3 27. Nd3 Qf5 28. O-O-O Qxd5 0-1

[Event "Early-Titled-Tuesday-Blitz-October-10-2023"]
[Site "Chess.com"]
[Date "2023.10.10"]
[Round "6"]
[White "falzehope0"]
[Black "jcibarra"]
[Result "0-1"]
[WhiteElo "2321"]
[BlackElo "2907"]
[TimeControl "180+1"]
[EndTime "9:03:31 PDT"]
[Termination "jcibarra won by resignation"]

1. d4 Nf6 2. e3 d5 3. Bd3 c5 4. c3 Bg4 5. Ne2 Nc6 6. f4 e6 7. Nd2 Bf5 8. Bxf5 exf5 9. Ng3 g6 10. O-O h5 11. Nh1 Qe7 12. Nf2 Ng4 13. Nf3 Bg7 14.
Ne5 O-O 15. b3 Rac8 16. Ba3 Nxe3 17. Qd3 Nxf1 18. Bxc5 Nxe5 19. fxe5 Rxc5 20. dxc5 Nxh2 21. Kxh2 Bxe5+ 22. Kg1 Qxc5 23. Kf1 Qxc3 24. Rd1 Qxd3+ 25. Nxd3 Bf6 26. Nc5 Rc8 27. Rxd5 b6 28. Nd7 Bg7 29. Ke2 f6 30. Rd2 Kf7 31. a4 Ke7 32. a5 bxa5 33. Ke3 Bh6+ 34. Ke2 Bxd2 35. Nxf6 Kxf6 36. Kxd2 Rb8 37.
Kc3 Rb4 38. Kb2 Kg5 39. Ka3 Kg4 40. Ka2 Kg3 41. Ka3 Kxg2 42. Ka2 Kf3 43. Ka3 h4 44.
Ka2 h3 45. Ka3 h2 46. Ka2 g5 47. Ka3 g4 48. Ka2 g3 49. Ka3 g2 50. Ka2 Ke3 51. Ka3 f4 52. Ka2 f3 53. Ka3 f2 54.
Ka2 Kd3 55. Ka3 Kc2 56. Ka2 Rxb3 0-1

[Event "Early-Titled-Tuesday-Blitz-October-10-2023"]
[Site "Chess.com"]
[Date "2023.10.10"]
[Round "6"]
[White "Tonychess32"]
[Black "ViktoriyaTarasova"]
[Result "0-1"]
[WhiteElo "2492"]
[BlackElo "2378"]
[TimeControl "180+1"]
[EndTime "9:03:32 PDT"]
[Termination "ViktoriyaTarasova won by resignation"]

1. e4 e5 2. Bc4 Nf6 3. d3 c6 4. Nf3 d5 5. Bb3 a5 6. a3 a4 7. Ba2 Bd6 8. O-O O-O 9. Nc3 d4 10. Ne2 h6 11. Ng3 Be6 12. h3 Nbd7 13. Nh2 b5 14. Qf3 Bxa2 15. Rxa2 Kh7 16. Nf5 Bc7 17. Ng4 Nxg4 18. Qxg4 Qf6 19. Nxh6 Qe6 20. Qxe6 fxe6 21.
Ng4 c5 22. Bd2 Bd6 23. Raa1 b4 24. axb4 cxb4 25. Rfc1 a3 26. bxa3 bxa3 27. c4 Rfb8 28. Ra2 Rb2 29. Rca1 Rab8 30. Bg5 Rxa2 31. Rxa2 Rb2 32.
Ra1 a2 33. Kh2 Bb4 34. Bc1 Rc2 35. Nxe5 Nxe5 36. f4 Nxd3 37. Ba3 Bxa3 38. Rd1 Bb2 0-1

[Event "Early-Titled-Tuesday-Blitz-October-10-2023"]
[Site "Chess.com"]
[Date "2023.10.10"]
[Round "6"]
[White "Zeck_CH"]
[Black "FischerKasparow"]
[Result "1-0"]
[WhiteElo "2472"]
[BlackElo "2114"]
[TimeControl "180+1"]
[EndTime "9:03:35 PDT"]
[Termination "Zeck_CH won on time"]

1. Nf3 Nf6 2. c4 g6 3. b3 Bg7 4. Bb2 O-O 5. e3 c5 6. Qc2 Nc6 7. Nc3 d6 8. a3 Bf5 9. d3 Ng4 10.
h3 Nge5 11. Nd2 a6 12. g4 Be6 13. f4 Nd7 14. f5 gxf5 15. gxf5 Bxf5 16. O-O-O b5 17.
Rg1 Kh8 18. Rxg7 Kxg7 19. Nxb5+ Nf6 20. Nc3 e6 21. Be2 Kh8 22. Rf1 Kg8 23. Nce4 Nxe4 24. Nxe4 Bxe4 25. dxe4 Qg5 26. Kb1 e5 27. Bg4 Qxe3 28. Qg2 Kh8 29. Rf3 Qe1+ 30. Ka2 Nd4 31.
Rd3 Rab8 32. Bf5 Rg8 33. Bg4 a5 34. a4 Rb4 35. Bc3 Rxb3 36. Bxe1 Rxd3 37. Qf1 Rb3 38. Qf6+ Rg7 39. Bh4 Rb8 40. Qxd6 Re8 41. Bf6 1-0

[Event "Early-Titled-Tuesday-Blitz-October-10-2023"]
[Site "Chess.com"]
[Date "2023.10.10"]
[Round "6"]
[White "Boxerandchessplayer"]
[Black "carloseduar100"]
[Result "1-0"]
[WhiteElo "2176"]
[BlackElo "2318"]
[TimeControl "180+1"]
[EndTime "9:03:38 PDT"]
[Termination "Boxerandchessplayer won by resignation"]

1. d4 d5 2. Nf3 Nf6 3. c4 dxc4 4. g3 c6 5. Bg2 h6 6. O-O Bf5 7. Ne5 e6 8. Nxc4 Be7 9. Nc3 O-O 10. e4 Bg6 11. Re1 Nbd7 12. Bf4 Nh5 13. Bd6 b5 14. Bxe7 Qxe7 15. Na5 Rfc8 16. e5 f5 17. Bf3 Qf7 18. Bxc6 Rab8 19. Bf3 b4 20. Nb1 Nb6 21. Nc6 Rb7 22.
Nxb4 Rd7 23. Nc3 Rcd8 24. d5 exd5 25. e6 Qe8 26. exd7 Qxd7 27. Bxh5 Bh7 28. Nbxd5 g6 29. Bf3 Kg7 30. Nxb6 1-0

[Event "Early-Titled-Tuesday-Blitz-October-10-2023"]
[Site "Chess.com"]
[Date "2023.10.10"]
[Round "6"]
[White "Let_it_be_1"]
[Black "crazy_m_attack"]
[Result "1/2-1/2"]
[WhiteElo "2546"]
[BlackElo "2432"]
[TimeControl "180+1"]
[EndTime "9:03:39 PDT"]
[Termination "Game drawn by repetition"]

1. e4 e5 2. Nf3 Nc6 3. Bb5 a6 4. Ba4 Nf6 5. d4 exd4 6. O-O Be7 7. e5 Ne4 8. Nxd4 Nc5 9. Nf5 Ne6 10. Re1 O-O 11. Nc3 b5 12. Bb3 Bg5 13. Bd5 Bb7 14. Ne4 Bxc1 15. Rxc1 Rb8 16. Nf6+ gxf6 17. Bxe6 fxe6 18.
Qg4+ Kf7 19. Qh5+ Kg8 20. Qg4+ Kf7 21. Qh5+ Kg8 22. Qg4+ 1/2-1/2

[Event "Early-Titled-Tuesday-Blitz-October-10-2023"]
[Site "Chess.com"]
[Date "2023.10.10"]
[Round "6"]
[White "Leonid_Starozhilov"]
[Black "rasmussvane"]
[Result "1/2-1/2"]
[WhiteElo "2744"]
[BlackElo "2995"]
[TimeControl "180+1"]
[EndTime "9:03:44 PDT"]
[Termination "Game drawn by agreement"]

1. e4 c6 2. Nc3 d5 3. Nf3 dxe4 4. Nxe4 Nf6 5. Qe2 Nxe4 6. Qxe4 Qa5 7. Qf4 Qf5 8. d3 Qxf4 9. Bxf4 f6 10. d4 g5 11. Be3 Be6 12. Bd3 Nd7 13. c4 Bf7 14. Rc1 e6 15. O-O Bg6 16. Rfd1 Bd6 17. a3 a5 18. d5 cxd5 19. cxd5 e5 20. Bb5 Ke7 21. Nd2 Rhc8 22. Bxd7 Kxd7 23. Nc4 Ke7 24. Nb6 Rxc1 25.
Rxc1 Rd8 26. Bc5 Bf7 27. Nc8+ Rxc8 28. Bxd6+ Kd7 29. Rxc8 Kxc8 30. Be7 f5 31. Bxg5 Bxd5 32. Bf6 e4 33. Kf1 1/2-1/2

[Event "Early-Titled-Tuesday-Blitz-October-10-2023"]
[Site "Chess.com"]
[Date "2023.10.10"]
[Round "6"]
[White "Andrei_Skvortsov"]
[Black "kuanysh1981"]
[Result "1-0"]
[WhiteElo "2695"]
[BlackElo "2523"]
[TimeControl "180+1"]
[EndTime "9:03:45 PDT"]
[Termination "Andrei_Skvortsov won by resignation"]

1. e4 e5 2. d4 exd4 3. Qxd4 Nc6 4. Qd3 Nf6 5. Nc3 Bb4 6. Bd2 O-O 7. O-O-O d6 8.
Nge2 Re8 9. Bg5 h6 10. Bxf6 Qxf6 11. Nd5 Qd8 12. Nxb4 Nxb4 13. Qd2 a5 14. Nc3 Be6 15. a3 Qf6 16. f4 Bg4 17. Re1 Nc6 18. Nd5 Qd8 19. Bb5 Be6 20. Ne3 Bd7 21. Bd3 b5 22. g4 a4 23. Bxb5 Rxe4 24. Nd5 Rxe1+ 25. Rxe1 Na7 26.
Bd3 Bxg4 27. f5 c6 28. Ne3 Bh5 29. Rg1 d5 30. Qg2 Qf6 31. Qh3 Rb8 32. Qxh5 Qxb2+ 33. Kd2 d4 34. Nd1 Qxa3 35. Qxh6 Qb4+ 36. Ke2 Re8+ 37. Kf3 Qf8 38. f6 g6 39. Rxg6+ 1-0

[Event "Early-Titled-Tuesday-Blitz-October-10-2023"]
[Site "Chess.com"]
[Date "2023.10.10"]
[Round "6"]
[White "Ural_bogatyr"]
[Black "wannabe2700"]
[Result "1-0"]
[WhiteElo "2535"]
[BlackElo "2655"]
[TimeControl "180+1"]
[EndTime "9:03:46 PDT"]
[Termination "Ural_bogatyr won by resignation"]

1. d4 Nf6 2. Nc3 Ng4 3. h3 Nxf2 4. Kxf2 g6 5. Nf3 Bg7 6. e4 O-O 7. Bc4 d6 8. Rf1 Nc6 9. Be3 e5 10. Kg1 exd4 11. Nxd4 Ne5 12. Bb3 c6 13. Nf3 Qe7 14. Bd4 h6 15. a4 a5 16. Nxe5 dxe5 17. Be3 Kh7 18. Ne2 f5 19. exf5 gxf5 20. c3 f4 21.
Bc2+ Kh8 22. Bf2 Rd8 23. Qe1 Bf6 24. Rd1 Rg8 25. Kh2 Be6 26. Ng1 Bc4 27. Bd3 Bxd3 28. Rxd3 e4 29. Bd4 f3 30. Rdxf3 Qd6+ 31. Rf4 Bxd4 32.
cxd4 Raf8 33. Qxe4 Re8 34. Qf3 Rg7 35. Kh1 Reg8 36.
Rf2 Rg6 37. Qh5 R8g7 38. Qe5 Qb4 39. Rf7 Qxa4 40. Rxg7 Rxg7 41. Rf7 1-0

[Event "Early-Titled-Tuesday-Blitz-October-10-2023"]
[Site "Chess.com"]
[Date "2023.10.10"]
[Round "6"]
[White "Iskusnyh"]
[Black "Sergey85Rodchenkov"]
[Result "1-0"]
[WhiteElo "2598"]
[BlackElo "2496"]
[TimeControl "180+1"]
[EndTime "9:03:49 PDT"]
[Termination "Iskusnyh won by resignation"]

1. d4 d5 2. c4 dxc4 3. e3 Nf6 4. Bxc4 a6 5. Nf3 e6 6. O-O c5 7. Nc3 Nc6 8. dxc5 Bxc5 9. Qxd8+ Kxd8 10. Nd2 Ke7 11. Nb3 Bd6 12. Rd1 b5 13. Be2 Bb7 14.
f3 h5 15. e4 h4 16. Be3 Nd7 17. Rd2 Rad8 18. Rad1 Bc7 19. Nd5+ exd5 20. exd5 Bb6 21. Bxb6 Nxb6 22. dxc6 Rxd2 23. Rxd2 Bxc6 24. Nd4 Bd7 25. Kf2 Rc8 26. Bd3 Kf6 27. g4 g5 28.
Bf5 Be6 29. Nxe6 fxe6 30. Rd6 Rc2+ 31. Bxc2 1-0

[Event "Early-Titled-Tuesday-Blitz-October-10-2023"]
[Site "Chess.com"]
[Date "2023.10.10"]
[Round "6"]
[White "rikchessmx"]
[Black "guillembaches"]
[Result "1/2-1/2"]
[WhiteElo "2303"]
[BlackElo "2489"]
[TimeControl "180+1"]
[EndTime "9:03:49 PDT"]
[Termination "Game drawn by repetition"]

1. e4 d5 2. exd5 Qxd5 3. Nc3 Qa5 4. Bc4 Nf6 5. d3 a6 6. Bd2 Qe5+ 7. Nge2 b5 8. Bb3 Bb7 9. O-O e6 10. Bf4 Qc5 11.
d4 Qb6 12. d5 Nbd7 13. dxe6 fxe6 14. Nd4 Nc5 15. Bxe6 Nxe6 16. Nxe6 Qxe6 17. Re1 Ne4 18. Nxe4 Bxe4 19. f3 Bc5+ 20. Kh1 O-O 21. Rxe4 Qc6 22. Qe2 Rae8 23. Re1 Rxe4 24. Qxe4 Qxe4 25. Rxe4 Rd8 26. h4 Bb6 27. a4 Kf7 28. axb5 axb5 29. Kh2 Rd5 30.
Kg3 Rd1 31. Re2 Rb1 32. b3 g6 33. Rd2 Ke6 34. Re2+ Kf7 35. Kg4 Rd1 36. Bg5 Rd4+ 37.
Re4 Rd7 38. c4 h5+ 39. Kg3 bxc4 40. bxc4 Rd3 41. Re7+ Kf8 42. c5 Bxc5 43. Re6 Bd6+ 44. Bf4 Kf7 45. Re4 Bxf4+ 46. Kxf4 Kf6 47. Rc4 Rd7 48.
Rc6+ Kg7 49. g4 hxg4 50. fxg4 Rd4+ 51. Kg5 Rd5+ 52. Kf4 Rd4+ 53. Kg5 Rd5+ 54. Kf4 Rd4+ 1/2-1/2

[Event "Early-Titled-Tuesday-Blitz-October-10-2023"]
[Site "Chess.com"]
[Date "2023.10.10"]
[Round "6"]
[White "scarabee43"]
[Black "FontVella8"]
[Result "1/2-1/2"]
[WhiteElo "2787"]
[BlackElo "2624"]
[TimeControl "180+1"]
[EndTime "9:03:50 PDT"]
[Termination "Game drawn by repetition"]

1. Nf3 d5 2. e3 Nf6 3. c4 e6 4.
Nc3 Bd6 5. b3 O-O 6. Bb2 c6 7. Qc2 e5 8. cxd5 cxd5 9. Nb5 Nc6 10.
Nxd6 Qxd6 11. Be2 Bg4 12. h3 Bh5 13. d3 Rac8 14. O-O Nd4 15. Qd1 Nxe2+ 16. Qxe2 e4 17. dxe4 dxe4 18. Qd2 Qxd2 19. Nxd2 Rc2 20. Bxf6 Rxd2 21.
Bd4 Rc8 22. Bxa7 Rcc2 23. a4 Be2 24. Rfc1 Rxc1+ 25. Rxc1 Rd1+ 26. Rxd1 Bxd1 27. Kf1 Bxb3 28. a5 f6 29. Ke2 Kf7 30. Kd2 Bc4 31. g3 Bf1 32. h4 Ke6 33. Bc5 g5 34. Bd4 Kf5 35. Kc3 h5 36. Kb4 gxh4 37. gxh4 Kg4 38. Bxf6 Kf3 39. Kc5 Kxf2 40. Bg5 Kf3 41. Kd6 Bd3 42. Ke6 Kg4 43. Ke5 Bc2 44. Kd4 Bd3 45. Kc5 Ba6 46.
Kb6 Kf5 47. Kc7 Kg4 48. Kd6 Kf5 49. Ke7 Bd3 50. Kf7 Ba6 51. Kg7 Bd3 52. Kf7 Ba6 53. Ke7 Bd3 54. Kd6 Ba6 55. Kc5 Bd3 56. Kb6 Ba6 57.
Bf4 Kg4 58. Bg5 Kf5 1/2-1/2

[Event "Early-Titled-Tuesday-Blitz-October-10-2023"]
[Site "Chess.com"]
[Date "2023.10.10"]
[Round "6"]
[White "brm72"]
[Black "Harry_Rakkel"]
[Result "0-1"]
[WhiteElo "2509"]
[BlackElo "2628"]
[TimeControl "180+1"]
[EndTime "9:03:53 PDT"]
[Termination "Harry_Rakkel won on time"]

1. e4 c5 2. Nf3 d6 3. d4 cxd4 4. Nxd4 Nf6 5. Nc3 a6 6. Be2 e6 7. O-O Be7 8. Be3 O-O 9. a4 Nc6 10. f4 Bd7 11. Bf3 Qc7 12. g4 Rfc8 13. g5 Ne8 14.
Bg2 Na5 15. Rf3 Nc4 16. Rh3 g6 17. Qe1 Nxe3 18. Qxe3 Qc5 19. Rg3 b5 20. axb5 axb5 21. Rxa8 Rxa8 22. h4 b4 23. Nce2 e5 24. Nb3 Qxc2 25.
f5 Bb5 26. Ned4 exd4 27. Nxd4 Qd1+ 28. Kh2 Rb8 29. fxg6 hxg6 30. e5 dxe5 31. Nxb5 Rxb5 32. Bf3 Qd4 33. Qe2 Rc5 34. h5 b3 35. hxg6 Rc2 36.
gxf7+ Kxf7 37. Bh5+ Kg7 0-1

[Event "Early-Titled-Tuesday-Blitz-October-10-2023"]
[Site "Chess.com"]
[Date "2023.10.10"]
[Round "6"]
[White "LuisFSiles"]
[Black "themind1hunter"]
[Result "1-0"]
[WhiteElo "2347"]
[BlackElo "2516"]
[TimeControl "180+1"]
[EndTime "9:03:53 PDT"]
[Termination "LuisFSiles won by resignation"]

1. e4 c5 2. Nf3 d6 3. d4 cxd4 4.
Nxd4 Nf6 5. Nc3 a6 6. Bg5 Nbd7 7. Bd3 Qb6 8. Nb3 e6 9. g4 h5 10. Be3 Qc7 11. g5 Ng4 12. Bd4 Nge5 13. f4 Nxd3+ 14.
cxd3 Nc5 15. g6 f6 16. f5 Nxb3 17. Qxb3 d5 18. fxe6 dxe4 19. Nd5 Qa5+ 20. Bc3 Qc5 21. Bb4 Qc6 22. e7 Be6 23. exf8=Q+ Rxf8 24. Nc7+ 1-0

[Event "Early-Titled-Tuesday-Blitz-October-10-2023"]
[Site "Chess.com"]
[Date "2023.10.10"]
[Round "6"]
[White "parintele_chess"]
[Black "ExcitingTrap"]
[Result "1-0"]
[WhiteElo "2267"]
[BlackElo "2427"]
[TimeControl "180+1"]
[EndTime "9:03:53 PDT"]
[Termination "parintele_chess won by resignation"]

1. d4 Nf6 2. c4 e6 3. Nc3 Bb4 4. e3 O-O 5. Bd3 d5 6. Ne2 dxc4 7. Bxc4 c5 8. a3 Bxc3+ 9. bxc3 Qc7 10. Bd3 b6 11. O-O Ba6 12. Bxa6 Nxa6 13. Qd3 Nb8 14. e4 h6 15. Bf4 Qd7 16. Qf3 Nc6 17. Bxh6 cxd4 18. Qg3 Ne8 19. Nf4 e5 20. Nh5 f5 21.
f4 Qf7 22. Qg5 Kh7 23. Nxg7 Nxg7 24. Rf3 Ne6 25. Qh4 Rh8 26. Rg3 exf4 27. Bxf4+ 1-0

[Event "Early-Titled-Tuesday-Blitz-October-10-2023"]
[Site "Chess.com"]
[Date "2023.10.10"]
[Round "6"]
[White "adotand"]
[Black "ActorXu"]
[Result "1-0"]
[WhiteElo "2872"]
[BlackElo "2735"]
[TimeControl "180+1"]
[EndTime "9:03:56 PDT"]
[Termination "adotand won by resignation"]

1. Nf3 d5 2. e3 Nf6 3. c4 e6 4. b3 b6 5. Bb2 Bb7 6. cxd5 exd5 7. Be2 Nbd7 8. O-O Bd6 9. Nd4 a6 10. Nf5 Bf8 11. Nc3 g6 12. Ng3 Bd6 13. f4 Qe7 14. a4 O-O-O 15. a5 b5 16. Nxb5 axb5 17.
Bxb5 Ne4 18. a6 Ba8 19. a7 Nb6 20. Qc2 Nxg3 21. hxg3 Qe4 22. Bd3 Qe8 23. Ra6 Qc6 24. Qb1 d4 25. e4 f5 26. Rc1 Qb7 27. Bxd4 c5 28. Bxc5 Bxc5+ 29. Rxc5+ Kd7 30. Qb2 fxe4 31. Qg7+ Ke6 32. Qe5+ Kf7 33. Rc7+ 1-0

[Event "Early-Titled-Tuesday-Blitz-October-10-2023"]
[Site "Chess.com"]
[Date "2023.10.10"]
[Round "6"]
[White "BigAl"]
[Black "Cecile-Haussernot"]
[Result "0-1"]
[WhiteElo "2596"]
[BlackElo "2355"]
[TimeControl "180+1"]
[EndTime "9:04:03 PDT"]
[Termination "Cecile-Haussernot won by checkmate"]

1. Nf3 d5 2. g3 Nf6 3. Bg2 g6 4.
O-O Bg7 5. d3 O-O 6. Nbd2 c5 7.
e3 Nc6 8. e4 d4 9. a4 a6 10. h3 Rb8 11. Nh2 e5 12. f4 Nh5 13.
Qe1 b5 14. axb5 axb5 15. f5 Nb4 16. Qd1 Nxg3 17. Rf3 Nh5 18. Ndf1 gxf5 19. exf5 Bb7 20. c3 Bxf3 21. Qxf3 Nc2 22. Qxh5 Nxa1 23. Ng4 Rb6 24. Be4 f6 25. cxd4 Nb3 26. d5 Nxc1 27. Ng3 c4 28.
dxc4 bxc4 29. Qh4 Rxb2 30. Nh5 Qb6+ 31. Kh1 Qd4 32. Bg2 Qd1+ 33. Kh2 Qxd5 34. Qg3 Rxg2+ 35. Qxg2 Qxg2+ 36. Kxg2 c3 37. Ne3 Rd8 38. h4 Nb3 39. Ng3 c2 40. h5 c1=Q 41. Kh3 Qxe3 42. h6 Rd3 43. Kh4 Qxg3+ 44. Kh5 Qg5# 0-1

[Event "Early-Titled-Tuesday-Blitz-October-10-2023"]
[Site "Chess.com"]
[Date "2023.10.10"]
[Round "6"]
[White "ChainedDowntohell"]
[Black "kingapolak"]
[Result "1-0"]
[WhiteElo "2438"]
[BlackElo "2050"]
[TimeControl "180+1"]
[EndTime "9:04:03 PDT"]
[Termination "ChainedDowntohell won on time"]

1. d4 d5 2. c4 e6 3. Nc3 Nf6 4.
cxd5 exd5 5. Bg5 Be7 6. e3 O-O 7. Bd3 Nbd7 8. Nge2 c6 9. Qc2 Re8 10. O-O Nf8 11. f3 b6 12. e4 dxe4 13. fxe4 Ng4 14. Bxe7 Qxe7 15. Rf3 Ng6 16. Raf1 Rf8 17. h3 Nf6 18. e5 Nd5 19. Nxd5 cxd5 20. Nf4 Bb7 21. Kh1 Rac8 22. Qb1 Bc6 23. Qe1 b5 24. Nh5 b4 25.
Qd2 Kh8 26. Qf2 Rc7 27. Qg3 a5 28. Bxg6 hxg6 29. Nf6 gxf6 30. Qh4+ Kg8 31. exf6 1-0

[Event "Early-Titled-Tuesday-Blitz-October-10-2023"]
[Site "Chess.com"]
[Date "2023.10.10"]
[Round "6"]
[White "kidagent"]
[Black "RodTwinkz"]
[Result "0-1"]
[WhiteElo "2251"]
[BlackElo "2790"]
[TimeControl "180+1"]
[EndTime "9:04:04 PDT"]
[Termination "RodTwinkz won by resignation"]

1. c4 Nf6 2. Nc3 g6 3. g3 Bg7 4. Bg2 O-O 5. d4 c5 6. d5 d6 7. e4 Na6 8. Nf3 Nc7 9. O-O Rb8 10. Re1 b5 11. cxb5 Nxb5 12. Bd2 Nd4 13. Nxd4 cxd4 14. Na4 Bd7 15. b3 Ng4 16. Rb1 Ne5 17. Nb2 Bb5 18.
Bf1 Bxf1 19. Kxf1 f5 20. Bf4 Qa5 21. a4 fxe4 22. Rxe4 Qc3 23. Qxd4 Qxd4 24. Rxd4 Rxb3 25. Rdd1 Rfb8 26. Bc1 Nc4 27. Nxc4 Rxb1 28. Na3 Ra1 29. Nc2 Ra2 30. Ne1 Rb1 31. Nd3 Rc2 32. Ke1 Bc3+ 33. Kf1 Bd2 0-1

[Event "Early-Titled-Tuesday-Blitz-October-10-2023"]
[Site "Chess.com"]
[Date "2023.10.10"]
[Round "6"]
[White "Rutricks"]
[Black "Orest_Vovk"]
[Result "1-0"]
[WhiteElo "2679"]
[BlackElo "2523"]
[TimeControl "180+1"]
[EndTime "9:04:05 PDT"]
[Termination "Rutricks won on time"]

1. Nf3 h6 2. b4 g5 3. Bb2 Nf6 4. h4 g4 5. Ne5 d6 6. Nc4 g3 7. f3 Bg7 8. e4 Nh5 9. Bxg7 Nxg7 10. d4 Nh5 11. Qd2 b5 12. Ne3 a6 13. a4 bxa4 14.
Rxa4 Bb7 15. Ra5 Nf6 16. Nf5 Nc6 17. Ra1 Nh5 18. Be2 e6 19. Ne3 Nf4 20. Bf1 Qf6 21.
c3 h5 22. Na3 e5 23. d5 Ne7 24. Nac4 Neg6 25. Nf5 Bc8 26. Nce3 Bxf5 27. Nxf5 Ne7 28. Ne3 Neg6 29. Rxa6 Rxa6 30. Bxa6 Nxh4 31. Bb5+ Kf8 32. Kd1 Nhg6 33. Kc2 h4 34. Nf5 h3 35. Ra1 Kg8 36. gxh3 Kh7 37. Kb3 Rg8 38. Nxg3 Nh4 39. Qf2 Nfg6 40.
Rf1 Qf4 41. Bd7 Qg5 42. Bf5 Re8 43. Rg1 Kg7 44. Bxg6 Qxg6 45. Nf5+ Kf6 46. Qxh4+ 1-0